 Dungeon Crawl Stone Soup version 0.32-a0-422-g28b100f618 (webtiles) character file.

Game seed: 725775977408610304

4571 Strat the Severer (level 10, -13/83 HPs)
             Began as a Mountain Dwarf Fighter on Feb 21, 2024.
             Was an Elder of Okawaru.
             Mangled by a komodo dragon (22 damage)
             ... on level 8 of the Dungeon.
             The game lasted 00:16:53 (10179 turns).

Strat the Severer (Mountain Dwarf Fighter)         Turns: 10179, Time: 00:16:53

Health: -13/83     AC: 13    Str: 21    XL:     10   Next: 18%
Magic:  10/10      EV: 10    Int: 11    God:    Okawaru [****..]
Gold:   414        SH:  4    Dex:  9    Spells: 4/9 levels left

rFire   . . .        a - +0 war axe
rCold   + . .        c - +0 buckler
rNeg    . . .        f - +2 ring mail {rC+}
rPois   .            g - +1 helmet
rElec   .            (no cloak)
rCorr   .            t - +0 pair of gloves
SInv    .            i - +0 pair of boots
Will    +....        (no amulet) Stlth
                     (no ring)
HPRegen 0.33/turn    (no ring)
MPRegen 0.12/turn

%: no passive effects
@: no status effects
A: runic magic, artefact enchanting
a: Renounce Religion, Heroism, Finesse


You were on level 8 of the Dungeon.
You worshipped Okawaru.
Okawaru was greatly pleased with you.
You visited 1 branch of the dungeon, and saw 8 of its levels.

You collected 414 gold pieces.

Inventory:

Hand Weapons
 a - a +0 war axe (weapon)
Missiles
 o - 4 curare-tipped darts (quivered)
Armour
 b - a +0 scale mail
 c - a +0 buckler (worn)
 f - a +2 ring mail of cold resistance (worn)
 g - a +1 helmet (worn)
 i - a +0 pair of boots (worn)
 t - a +0 pair of gloves (worn)
 x - a +0 plate armour
 B - a +0 kite shield
Jewellery
 u - an amulet of guardian spirit
Scrolls
 h - 2 scrolls of teleportation
 m - a scroll of torment
 n - a scroll of enchant armour
 p - 2 scrolls of vulnerability
 w - a scroll of noise {unknown}
 y - a scroll of fear {unknown}
 z - a scroll of blinking
Potions
 j - a potion of ambrosia {unknown}
 k - a potion of cancellation {unknown}
 q - 3 potions of curing
 r - a potion of haste {unknown}
 s - a potion of mutation {unknown}
 v - a potion of lignification {unknown}
 A - a potion of brilliance {unknown}


   Skills:
 + Level 6.0 Fighting
 * Level 15.7 Axes
 + Level 6.0 Armour
 + Level 3.5 Shields


You had 4 spell levels left.
You knew the following spells:

 Your Spells              Type           Power      Damage    Failure   Level
a - Alistair's Intoxicat  Alch           0%         N/A       100%        5

Your spell library contained the following spells:

 Spells                   Type           Power      Damage    Failure   Level
 Magic Dart               Conj           0%         1d3       43%         1
 Sandblast                Erth           0%         2d4       43%         1
 Blink                    Tloc           0%         N/A       58%         2
 Hailstorm                Conj/Ice       0%         3d5       82%         3
 Passwall                 Erth           0%         N/A       82%         3
 Stone Arrow              Conj/Erth      0%         3d7       82%         3
 Brom's Barrelling Bould  Conj/Erth      0%         2d3       99%         4
 Borgnjor's Vile Clutch   Necr/Erth      0%         N/A       100%        5
 Eringya's Noxious Bog    Alch           0%         4d6       100%        6
 Call Imp                 Summ           Unusable   N/A       N/A         2
 Summon Ice Beast         Ice/Summ       Unusable   N/A       N/A         3
 Sculpt Simulacrum        Ice/Alch       Unusable   N/A       N/A         6

Dungeon Overview and Level Annotations

Branches:
Dungeon (8/15)             Temple (0/1) D:5            Lair (0/5) D:8

Altars:
Dithmenos
Elyvilon
Hepliaklqana
Kikubaaqudgha
Makhleb
Okawaru
Ru
Sif Muna
Trog
Xom
The Shining One

Shops:
D:4 [   D:7 (


Innate Abilities, Weirdness & Mutations

Your spellcasting is much less encumbered by armour.
You can use scrolls of enchantment on lesser artefacts.


Message History

You aren't carrying any items that you can evoke.
Okay, then.
You barely miss the wyvern.
The wyvern is severely wounded.
The wyvern barely misses you.
You hit the wyvern but do no damage.
The wyvern is severely wounded.
The wyvern closely misses you.
You slash the wyvern!
You kill the wyvern!
Okawaru accepts your kill.
Your Armour skill increases to level 6!
Throw: 6 darts (curare)
Press: ? - help, Q - select action, (/) - cycle Shift-Dir - straight line, f - komodo dragon
Aim: a komodo dragon (62% to hit)
You throw a curare-tipped dart.
The curare-tipped dart barely misses the komodo dragon.
The komodo dragon barely misses you.
Throw: 5 darts (curare)
Press: ? - help, Q - select action, (/) - cycle Shift-Dir - straight line, f/p - komodo dragon
Aim: a komodo dragon (62% to hit)
You throw a curare-tipped dart.
The curare-tipped dart hits the komodo dragon.
The komodo dragon is poisoned.
The komodo dragon struggles to breathe.
The komodo dragon seems to slow down.
The komodo dragon is lightly wounded.
The komodo dragon bites you!!
* * * LOW HITPOINT WARNING * * *
You slash the komodo dragon!
The komodo dragon is moderately wounded.
You closely miss the komodo dragon.
The komodo dragon is moderately wounded.
The komodo dragon bites you!!
* * * LOW HITPOINT WARNING * * *
You hit the komodo dragon.
The komodo dragon is heavily wounded.
You barely miss the komodo dragon.
The komodo dragon is heavily wounded.
The komodo dragon bites you!!
You die...

PP......#.## #.....#.........
PPP.......## #.###.#......#..
.lPP.......# ##...#.#........#
>kPP.PlP..#####....#.#.........
..PPPPPP#......._.............#
PPPPPPP##..#.#....####.........
###########..#.#...## #.........
....#........#.###.# #....##.#.
..#..........#(l@..# #....#####
.............#####.#####.#..####.
......#..................##..#...
#................#####....#......
................### #.....#.....#
#..........#......###.....###....
#.........##>.............##.....
....#.............#...........#..
..#....#(..>......###.........###


You could see a komodo dragon (very poisoned, slow).

Vanquished Creatures
  Grinder (D:6)
  A raiju (D:8)
  Sigmund (D:6)
  4 yaks (D:8)
  A wyvern (D:8)
  2 steam dragons (D:5)
  Menkaure (D:6)
  2 orc warriors (D:7)
  2 ice beasts (D:6)
  A sky beast (D:7)
  A black bear (D:6)
  An ogre (D:5)
  2 phantoms
  4 centaurs
  A gnoll sergeant (D:6)
  5 scorpions
  6 wights
  3 bombardier beetles (D:5)
  2 orc priests
  2 hounds
  5 sleepcaps
  13 orc wizards
  15 adders
  7 gnolls
  2 white imps
  4 ufetubi (D:6)
  A ribbon worm (D:4)
  3 dart slugs
  33 orcs
  12 bats
  6 endoplasms
  2 giant cockroaches
  7 goblins
  5 hobgoblins
  6 jackals
  4 kobolds
  3 quokkas
  4 ball pythons
  6 frilled lizards
  2 rats
183 creatures vanquished.

Notes
Turn   | Place    | Note
-------+----------+-------------------------------------------
     0 | D:1      | Strat the Mountain Dwarf Fighter began the quest for the
                  | Orb.
     0 | D:1      | Reached XP level 1. HP: 19/19 MP: 1/1
   133 | D:1      | Reached XP level 2. HP: 26/26 MP: 2/2
   231 | D:1      | Reached skill level 3 in Axes
   445 | D:1      | Reached XP level 3. HP: 23/31 MP: 3/3
  1032 | D:2      | Reached skill level 4 in Axes
  1099 | D:2      | Reached XP level 4. HP: 40/40 MP: 4/4
  1588 | D:2      | Reached XP level 5. HP: 42/46 MP: 5/5
  1771 | D:3      | Noticed a phantom
  1797 | D:3      | Killed a phantom
  1798 | D:3      | Reached skill level 5 in Axes
  1881 | D:3      | Found a hazy altar of Hepliaklqana.
  2071 | D:3      | Found a faded altar of an unknown god.
  2097 | D:3      | Found a white marble altar of Elyvilon.
  2362 | D:3      | Found a bloodstained altar of Trog.
  2366 | D:3      | Found an ancient bone altar of Kikubaaqudgha.
  2366 | D:3      | Found a shadowy altar of Dithmenos.
  2370 | D:3      | Found a burning altar of Makhleb.
  2380 | D:3      | Found an iron altar of Okawaru.
  2392 | D:3      | Became a worshipper of Warmaster Okawaru
  2843 | D:4      | Reached XP level 6. HP: 36/53 MP: 6/6
  3175 | D:4      | Reached skill level 6 in Axes
  3394 | D:4      | Found a glowing golden altar of the Shining One.
  3468 | D:4      | Found Rotiugae's Antique Armour Emporium.
  3486 | D:4      | Reached skill level 5 in Fighting
  3861 | D:5      | Entered Level 5 of the Dungeon
  3892 | D:5      | Reached skill level 5 in Armour
  3995 | D:5      | Found a staircase to the Ecumenical Temple.
  4092 | D:6      | Noticed an ice beast
  4113 | D:6      | Killed an ice beast
  4114 | D:6      | Reached XP level 7. HP: 59/61 MP: 7/7
  4162 | D:6      | Reached * piety under Okawaru
  4163 | D:6      | Reached skill level 7 in Axes
  4259 | D:6      | Noticed a komodo dragon
  4259 | D:6      | Noticed a two-headed ogre
  4306 | D:6      | Found a sacrificial altar of Ru.
  4333 | D:6      | Noticed Menkaure
  4344 | D:6      | Killed Menkaure
  4571 | D:6      | Reached skill level 8 in Axes
  4635 | D:6      | Noticed Grinder
  4675 | D:6      | Paralysed by Grinder for 3 turns
  4682 | D:6      | Killed Grinder
  4683 | D:6      | Reached skill level 9 in Axes
  4683 | D:6      | Reached XP level 8. HP: 55/70 MP: 8/8
  4817 | D:6      | Noticed Sigmund
  4849 | D:6      | Killed Sigmund
  4849 | D:6      | Reached ** piety under Okawaru
  4850 | D:6      | Reached skill level 10 in Axes
  5456 | D:5      | Reached skill level 11 in Axes
  5725 | D:5      | Found a shimmering altar of Xom.
  6249 | D:5      | Reached skill level 12 in Axes
  6249 | D:5      | Reached XP level 9. HP: 64/75 MP: 9/9
  7222 | D:7      | Learned a level 5 spell: Alistair's Intoxication
  7321 | D:7      | Reached skill level 13 in Axes
  7723 | D:7      | Reached *** piety under Okawaru
  7868 | D:7      | Reached skill level 14 in Axes
  7907 | D:7      | Found Sirhoakk's Weapon Shop.
  8235 | D:7      | Identified the +6 dagger of Courage {drain, Will- Str+3
                  | Dex+6}
  8678 | D:8      | Reached skill level 15 in Axes
  8695 | D:8      | Reached **** piety under Okawaru
  8706 | D:8      | Reached XP level 10. HP: 17/83 MP: 10/10
  8720 | D:8      | HP: 1/80 [wight/+3 great sword (6)]
  9332 | D:8      | Found a shimmering blue altar of Sif Muna.
 10135 | D:8      | Found a staircase to the Lair.
 10179 | D:8      | Mangled by a komodo dragon

Illustrated notes

Levels and vault maps discovered:
D:1:      tarquinn_simple_flora_water_c, layout_rooms, serial_forest,
          infiniplex_forest_straight_3, infiniplex_forest_clump_double,
          infiniplex_forest_clump_double, infiniplex_forest_clump_small,
          infiniplex_forest_end_3, infiniplex_forest_fountain
D:2:      layout_rooms, serial_forest, infiniplex_forest_clump_C,
          infiniplex_forest_lined_corner, infiniplex_forest_clump_small,
          infiniplex_forest_lined_2, infiniplex_forest_straight_2,
          infiniplex_forest_lined_2, infiniplex_forest_clump_tiny,
          infiniplex_forest_end_3, infiniplex_forest_clump_double,
          nicolae_half_adder
D:3:      layout_basic, nicolae_elyvilon_peaceful_grove, lemuel_doored_altar,
          grunt_temple_overflow_open, mainiacjoe_overflow_tiny_flanked,
          serial_corexii_hall, chequers_hall_statues_corner_a,
          chequers_hall_statues_wall_a, dreamdust_ecumenical_altar_statues
D:4:      layout_basic, kennysheep_little_box, serial_shops,
          nicolae_shop_hallway_plus
D:5:      kennysheep_steamy, layout_basic, regret_index_xom_buried_treasure,
          minmay_temple_entry_water_ring, chequers_serial_rivers_micro_e
D:6:      layout_loops_corners, nicolae_ru_great_annihilating_truth,
          lightli_corner_chamber, uniq_sigmund, uniq_menkaure, uniq_grinder
D:7:      layout_layer_cave, serial_shops, shop, st_stairs_11,
          amcnicky_mini_pool_medium
D:8:      layout_cave_pools, nicolae_overflow_crystal_walls,
          david_lair_shrubbed, nicolae_have_a_lightning_rod

Skill      XL: |  1  2  3  4  5  6  7  8  9 10 |
---------------+-------------------------------+-----
Axes           | 3 4 5 6 9 12 15 | 15.7
Fighting       | 4 5 6 |  6.0
Armour         | 4 5 6 |  6.0
Shields        | |  3.5

Action                     |  1- 3 |  4- 6 |  7- 9 | 10-12 || total
---------------------------+-------+-------+-------+-------++-------
  Melee: War axe           |    97 |   199 |   393 |    81 ||   770
  Throw: Dart              |       |       |       |     2 ||     2
    Use: Scroll            |       |     9 |     3 |     3 ||    15
         Potion            |       |       |     3 |     1 ||     4
 Armour: Scale mail        |    90 |    80 |       |       ||   170
         Ring mail         |       |    87 |   293 |    61 ||   441
  Dodge: Dodged            |    70 |   108 |   157 |    32 ||   367
  Block: Buckler           |    23 |    51 |    65 |     8 ||   147

Table legend: (Time is in decaauts)
 A = Elapsed time spent in this place.
 B = Non-inter-level travel time spent in this place.
 C = Inter-level travel time spent in this place.
 D = Time resting spent in this place.
 E = Time spent auto-exploring this place.
 F = Levels seen in this place.
 G = Mean time per level.
                   A        B        C        D        E       F      G
               +--------+--------+--------+--------+--------+-----+--------+
         Total |  10236 |   9672 |    564 |   1222 |   6437 |   8 | 1279.5 |
       Dungeon |  10236 |   9672 |    564 |   1222 |   6437 |   8 | 1279.5 |
               +--------+--------+--------+--------+--------+-----+--------+

Top non-repeatable levels by time:
     D:6: 1986 daAuts
     D:7: 1788 daAuts
     D:5: 1450 daAuts
     D:4: 1298 daAuts
     D:8: 1064 daAuts
     D:1: 942 daAuts
     D:2: 857 daAuts
     D:3: 848 daAuts
